 Dungeon Sprint DCSS version 0.23.2-1-ga50397a6bc (webtiles) character file.

Game seed: 2033230206095280149

623 Freyura the Thaumaturge (level 7, -15/56 HPs)
             Began as a Gnoll Wizard on May 27, 2019.
             Was a Believer of Sif Muna.
             Demolished by a draconian
             ... wielding a +0 mace
              (18 damage)
             ... in the Dungeon (Sprint V: "Ziggurat Sprint").
             The game lasted 00:10:57 (361 turns).

Freyura the Thaumaturge (Gnoll Wizard)               Turns: 361, Time: 00:10:57

Health: -15/56     AC:  2    Str:  9    XL:     7   Next: 46%
Magic:  11/25      EV: 16    Int: 41    God:    Sif Muna [**....]
Gold:   0          SH:  0    Dex: 13    Spells: 11/24 levels left

rFire    . . .     SeeInvis .   E - +6 Majin-Bo {vamp, Archmagi MP+6 Int+6}
rCold    . . .     Gourm    .   (shield currently unavailable)
rNeg     . . .     Faith    .   a - +0 robe
rPois    .         Spirit   .   b - +0 hat
rElec    .         Reflect  .   (no cloak)
rCorr    .         Harm     .   (no gloves)
MR       .....     NoTele   +   (no boots)
Stlth    +++.......             (no amulet)
HPRegen  0.18/turn              A - +6 ring of intelligence
MPRegen  0.19/turn              B - +6 ring of intelligence

@: radiating poison
A: distributed training, fangs 1, strong nose
a: Divine Energy, Renounce Religion


You were in the Dungeon.
You worshipped Sif Muna.
Sif Muna was pleased with you.
You were not hungry.

You visited 1 branch

Inventory:

Hand Weapons
 E - the +6 Majin-Bo (weapon) {vamp, Archmagi MP+6 Int+6}
   (You found it in the Dungeon)

   It inflicts no extra harm, but heals its wielder when it wounds a living foe.
   It affects your intelligence (+6).
   It affects your magic capacity (+6).
Armour
 a - a +0 robe (worn)
 b - a +0 hat (worn)
Jewellery
 A - a +6 ring of intelligence (left hand)
 B - a +6 ring of intelligence (right hand)
Wands
 v - a wand of disintegration (7)
 w - a wand of iceblast (7)
 x - a wand of acid (7)
Scrolls
 j - 4 scrolls of blinking
 p - 4 scrolls of amnesia
 q - 7 scrolls of fog
 r - a scroll of holy word
 s - 5 scrolls of identify
 t - 5 scrolls of remove curse
 u - 2 scrolls of fear
Potions
 c - 2 potions of brilliance
 e - 10 potions of curing
 f - 5 potions of heal wounds
 g - 6 potions of haste
 h - 7 potions of magic
 i - 3 potions of berserk rage
 k - 2 potions of invisibility
 l - 4 potions of resistance
 n - 5 potions of agility
 o - 5 potions of might
Miscellaneous
 m - a lightning rod (4/4)
Comestibles
 d - 6 rations


   Skills:
 + Level 5.6 Fighting
 + Level 5.6 Short Blades
 + Level 5.6 Long Blades
 + Level 5.6 Axes
 + Level 5.6 Maces & Flails
 + Level 5.6 Polearms
 + Level 5.6 Staves
 + Level 5.6 Slings
 + Level 5.6 Bows
 + Level 5.6 Crossbows
 + Level 5.6 Throwing
 + Level 5.6 Armour
 + Level 7.3 Dodging
 + Level 7.0 Stealth
 + Level 5.6 Shields
 + Level 5.6 Unarmed Combat
 + Level 9.1 Spellcasting
 + Level 5.1 Conjurations
 + Level 4.6 Hexes
 + Level 4.6 Charms
 + Level 5.1 Summonings
 + Level 4.6 Necromancy
 + Level 5.1 Translocations
 + Level 4.6 Transmutations
 + Level 4.6 Fire Magic
 + Level 4.6 Ice Magic
 + Level 4.6 Air Magic
 + Level 4.6 Earth Magic
 + Level 4.6 Poison Magic
 + Level 6.1 Invocations
 + Level 5.6 Evocations


You had 11 spell levels left.
You knew the following spells:

 Your Spells              Type           Power        Failure   Level  Hunger
a - Magic Dart            Conj           ####         1%          1    None
b - Call Imp              Summ           #######.     1%          2    None
c - Olgreb's Toxic Radia  Pois           ######..     2%          4    None
d - Deflect Missiles      Chrm/Air       ######....   38%         6    ####...

Your spell library contained the following spells:

 Spells                   Type           Power        Failure   Level  Hunger
 Sting                    Conj/Pois      ####         1%          1    None
 Blink                    Tloc           N/A          1%          2    None
 Poisonous Vapours        Pois/Air       ######       1%          2    None
 Shroud of Golubria       Chrm/Tloc      ######....   1%          2    None
 Slow                     Hex            ######..     1%          2    None
 Swiftness                Chrm/Air       ######..     1%          2    None
 Conjure Flame            Conj/Fire      ######..     1%          3    None
 Mephitic Cloud           Conj/Pois/Air  ######..     1%          3    None
 Irradiate                Conj/Tmut      ######....   7%          5    ##.....
 Venom Bolt               Conj/Pois      ######....   7%          5    ##.....
 Hydra Form               Tmut           ######....   38%         6    ####...
 Statue Form              Tmut/Erth      ######...    38%         6    ####...
 Dragon Form              Tmut           ######....   92%         7    ######.
 Ring of Flames           Chrm/Fire      ######....   92%         7    ######.


Dungeon Overview and Level Annotations

Branches:
Dungeon (1/1)

Altars:
Ashenzari
Cheibriados
Dithmenos
Elyvilon
Fedhas
Gozag
Hepliaklqana
Kikubaaqudgha
Makhleb
Nemelex Xobeh
Okawaru
Qazlal
Ru
Sif Muna
Trog
Uskayaw
Vehumet
Wu Jian
Xom
Yredelemnul
Zin
The Shining One
Beogh
Jiyva
Lugonu

Annotations:
D 1 transporter


Innate Abilities, Weirdness & Mutations

Your experience applies equally to all skills.
You have very sharp teeth.
Your uncanny sense of smell can sniff out nearby items.


Message History

The draconian looks as sick as possible! x3
The draconian hits you from afar with a +3 spear of freezing!
The draconian freezes you.
* * * LOW HITPOINT WARNING * * *
The draconian barely misses you.
The draconian hits you with a cursed -3 morningstar.
* * * LOW HITPOINT WARNING * * *
The draconian hits you with a +0 mace.
* * * LOW HITPOINT WARNING * * *
Your crimson imp barely misses the draconian.
Your shadow imp hits the draconian but does no damage.
You feel much better.
The draconian looks as sick as possible! x4
The draconian hits you from afar with a +3 spear of freezing!
* * * LOW HITPOINT WARNING * * *
The draconian freezes you!
* * * LOW HITPOINT WARNING * * *
The draconian misses you. The draconian closely misses you.
The draconian hits you with a +0 mace!!
You die...

▓..©..▓..©..▓▓▓▓▓▓▓
▓▓▓▓▓▓▓▓▓▓▓▓▓▓
▓..8©8...▓
▓..[[}...▓ ∆∆∆
▓........▓ ∆ ∆
▓........▓
...5d...▓ ∆
▓.▓dd5.▓.▓ ∆
▓..d@....▓
▓▓▓▓▓▓▓▓▓▓ ∆∆∆∆ ∆∆∆


You could see 4 draconians, a friendly crimson imp and a friendly shadow imp.

Vanquished Creatures
  A jumping spider (D)
  A floating eye (D)
  A porcupine (D)
  A bullfrog (D)
  3 scorpions (D)
7 creatures vanquished.

Vanquished Creatures (collateral kills)
  A jelly (D)
  An ooze (D)
2 creatures vanquished.

Grand Total: 9 creatures vanquished

Notes
Turn   | Place    | Note
-------+----------+-------------------------------------------
     0 | D        | Found the +6 Majin-Bo {vamp, Archmagi MP+6 Int+6}
     0 | D        | Found the +7 great mace "Firestarter" {inner flame, rF++}
     0 | D        | Freyura the Gnoll Wizard began the quest for the Orb.
     0 | D        | Reached XP level 1. HP: 13/13 MP: 8/8
     0 | D        | Found a deep blue altar of Sif Muna.
     0 | D        | Found a bloodstained altar of Trog.
     0 | D        | Found a sacrificial altar of Ru.
     0 | D        | Found a stormy altar of Qazlal.
     0 | D        | Found an iron altar of Okawaru.
     1 | D        | Found a sparkling altar of Nemelex Xobeh.
     1 | D        | Found a blossoming altar of Fedhas.
     3 | D        | Found a transporter.
     3 | D        | Found an ancient bone altar of Kikubaaqudgha.
     3 | D        | Found a viscous altar of Jiyva.
     3 | D        | Found a corrupted altar of Lugonu.
     3 | D        | Found a hazy altar of Hepliaklqana.
     3 | D        | Found a burning altar of Makhleb.
     3 | D        | Found an opulent altar of Gozag.
    22 | D        | Found the +9 heavy crossbow "Sniper" {velocity, Acc+∞ SInv}
    22 | D        | Found the +10 dark maul {crush}
    22 | D        | Found the +15 Maxwell's patent armour {-Cast -Tele rElec
                  | MR+ rCorr}
    22 | D        | Found the +18 shield of the Gong {rElec rN+ MR+ EV-5}
    22 | D        | Found the cursed +14 obsidian axe {chop, +Fly SInv *Curse}
    27 | D        | Reached skill level 5 in Dodging
    27 | D        | Reached skill level 1 in Hexes
    27 | D        | Reached skill level 1 in Charms
    27 | D        | Reached skill level 1 in Necromancy
    27 | D        | Reached skill level 1 in Transmutations
    27 | D        | Reached skill level 1 in Fire Magic
    27 | D        | Reached skill level 1 in Ice Magic
    27 | D        | Reached skill level 1 in Air Magic
    27 | D        | Reached skill level 1 in Earth Magic
    27 | D        | Reached skill level 1 in Poison Magic
    27 | D        | Reached XP level 2. HP: 22/22 MP: 8/10
    57 | D        | Became a worshipper of Sif Muna the Loreminder
    79 | D        | Entered arena 2.
    79 | D        | Noticed a porcupine
    79 | D        | Noticed a bullfrog
    79 | D        | Found a transporter.
    81 | D        | Killed a porcupine
    81 | D        | Reached skill level 5 in Stealth
    81 | D        | Reached skill level 8 in Spellcasting
    81 | D        | Reached XP level 3. HP: 29/29 MP: 12/12
    81 | D        | Reached XP level 4. HP: 35/35 MP: 14/14
    85 | D        | Killed a bullfrog
    85 | D        | Reached * piety under Sif Muna
    85 | D        | Reached XP level 5. HP: 28/42 MP: 13/15
   194 | D        | Entered arena 3.
   194 | D        | Noticed a floating eye
   194 | D        | Found a transporter.
   198 | D        | Learned a level 2 spell: Call Imp
   204 | D        | Paralysed by a floating eye for 2 turns
   206 | D        | Killed a floating eye
   206 | D        | Reached skill level 5 in Invocations
   206 | D        | Reached XP level 6. HP: 37/49 MP: 12/17
   277 | D        | Learned a level 4 spell: Olgreb's Toxic Radiance
   279 | D        | Entered arena 4.
   279 | D        | Noticed a jumping spider
   279 | D        | Found a transporter.
   283 | D        | Reached ** piety under Sif Muna
   286 | D        | Reached skill level 5 in Fighting
   286 | D        | Reached skill level 5 in Short Blades
   286 | D        | Reached skill level 5 in Long Blades
   286 | D        | Reached skill level 5 in Axes
   286 | D        | Reached skill level 5 in Maces & Flails
   286 | D        | Reached skill level 5 in Polearms
   286 | D        | Reached skill level 5 in Staves
   286 | D        | Reached skill level 5 in Slings
   286 | D        | Reached skill level 5 in Bows
   286 | D        | Reached skill level 5 in Crossbows
   286 | D        | Reached skill level 5 in Throwing
   286 | D        | Reached skill level 5 in Armour
   286 | D        | Reached skill level 5 in Shields
   286 | D        | Reached skill level 5 in Unarmed Combat
   286 | D        | Reached skill level 5 in Evocations
   287 | D        | Killed a jumping spider
   287 | D        | Reached skill level 9 in Spellcasting
   287 | D        | Reached skill level 5 in Conjurations
   287 | D        | Reached skill level 5 in Summonings
   287 | D        | Reached skill level 5 in Translocations
   287 | D        | Reached XP level 7. HP: 47/56 MP: 15/19
   294 | D        | Got the Papyrus of Cloudy Talismans
   349 | D        | Learned a level 6 spell: Deflect Missiles
   349 | D        | Entered arena 5.
   349 | D        | Noticed a draconian
   349 | D        | Noticed a draconian
   349 | D        | Noticed a draconian
   349 | D        | Noticed a draconian
   349 | D        | Found a transporter.
   361 | D        | Demolished by a draconian

Skill      XL: |  1  2  3  4  5  6 |
---------------+-------------------+-----
Fighting       | 2 3 4 5 |  5.6
Short Blades   | 2 3 4 5 |  5.6
Long Blades    | 2 3 4 5 |  5.6
Axes           | 2 3 4 5 |  5.6
Maces & Flails | 2 3 4 5 |  5.6
Polearms       | 2 3 4 5 |  5.6
Staves         | 2 3 4 5 |  5.6
Slings         | 2 3 4 5 |  5.6
Bows           | 2 3 4 5 |  5.6
Crossbows      | 2 3 4 5 |  5.6
Throwing       | 2 3 4 5 |  5.6
Armour         | 2 3 4 5 |  5.6
Dodging        | 5 6 7 |  7.3
Shields        | 2 3 4 5 |  5.6
Unarmed Combat | 2 3 4 5 |  5.6
Conjurations   | 2 3 4 5 |  5.1
Hexes          | 1 2 3 4 |  4.6
Charms         | 1 2 3 4 |  4.6
Summonings     | 2 3 4 5 |  5.1
Necromancy     | 1 2 3 4 |  4.6
Translocations | 2 3 4 5 |  5.1
Transmutations | 1 2 3 4 |  4.6
Fire Magic     | 1 2 3 4 |  4.6
Ice Magic      | 1 2 3 4 |  4.6
Air Magic      | 1 2 3 4 |  4.6
Earth Magic    | 1 2 3 4 |  4.6
Poison Magic   | 1 2 3 4 |  4.6
Invocations    | 2 3 4 5 6 |  6.1
Evocations     | 2 3 4 5 |  5.6
Stealth        | 5 6 7 |  7.0
Spellcasting   | 8 9 |  9.1

Action                   |  1- 3 |  4- 6 |  7- 9 || total
-------------------------+-------+-------+-------++-------
Melee: Quarterstaff      |       |     2 |     2 ||     4
 Cast: Magic Dart        |       |    11 |       ||    11
       Call Imp          |       |     4 |     2 ||     6
       Olgreb's Toxic Ra |       |     1 |     3 ||     4
Evoke: Lightning rod     |     1 |     1 |       ||     2
  Use: Potion            |     1 |       |     5 ||     6
  Eat: Ration            |     1 |       |       ||     1
Armor: Robe              |       |       |     1 ||     1
Dodge: Dodged            |     1 |     4 |    12 ||    17
